 Dungeon Crawl Stone Soup version 0.27.0-1-g7a089689b8 (webtiles) character file.

Game seed: 17458826876479528086

1316 wakim the Changer (level 8, -2/57 HPs)
             Began as an Octopode Transmuter on Aug 10, 2021.
             Slain by a gnoll sergeant (6 damage)
             ... on level 6 of the Dungeon.
             The game lasted 00:17:52 (8844 turns).

wakim the Changer (Octopode Transmuter)             Turns: 8844, Time: 00:17:53

Health: -2/57      AC:  7    Str: 10    XL:     8   Next: 59%
Magic:  9/12       EV: 11    Int: 15    God:
Gold:   329        SH:  0    Dex: 14    Spells: 2/12 levels left

rFire    x . .     SeeInvis .     - Unarmed
rCold    + + +     Faith    .   (shield currently unavailable)
rNeg     . . .     Spirit   .   (helmet currently unavailable)
rPois    +         Reflect  .   (no amulet)
rElec    .         Harm     .   b - ring of flight
rCorr    .         Rampage  .   (no ring)
Will     .....                  (no ring)
Stlth    ++........             (no ring)
HPRegen  0.19/turn              (no ring)
MPRegen  0.13/turn              (no ring)
                                (no ring)
                                (no ring)

@: ice-form, flying
A: freezing attack, boosted hp, almost no armour, amphibious, 8 rings, large,
(camouflage 1), (gelatinous body 1), (nimble swimmer 1), (tentacles)
a: End Transformation


You were on level 6 of the Dungeon.
You were a creature of crystalline ice.
You visited 1 branch of the dungeon, and saw 6 of its levels.

You collected 329 gold pieces.

Inventory:

Jewellery
 b - a ring of flight (left front paw)
Scrolls
 a - a scroll of enchant weapon
 X - a scroll of fog
Potions
 c - a potion of degeneration {unknown}
 d - a potion of haste {unknown}
 D - 2 potions of brilliance
 F - 2 potions of curing
 N - 4 potions of might


   Skills:
 - Level 1.0 Fighting
 - Level 4.0 Dodging
 - Level 3.0 Stealth
 + Level 5.5 Unarmed Combat
 + Level 2.7 Spellcasting
 * Level 6.6 Transmutations
 + Level 3.5 Ice Magic
 - Level 2.0 Poison Magic


You had 2 spell levels left.
You knew the following spells:

 Your Spells              Type           Power      Damage    Failure   Level
a - Beastly Appendage     Tmut           44%        N/A       1%          1
b - Wereblood             Tmut           22%        N/A       1%          2
c - Ice Form              Ice/Tmut       17%        N/A       26%         4
x - Spider Form           Tmut/Pois      7%         N/A       11%         3

Your spell library contained the following spells:

 Spells                   Type           Power      Damage    Failure   Level
 Ensorcelled Hibernation  Hex/Ice        14%        N/A       16%         2
 Corona                   Hex            2%         N/A       21%         1
 Magic Dart               Conj           8%         1d3       21%         1
 Call Imp                 Summ           2%         N/A       30%         2
 Searing Ray              Conj           4%         3d3       30%         2
 Mephitic Cloud           Conj/Pois/Air  4%         N/A       43%         3
 Tukima's Dance           Hex            2%         N/A       52%         3
 Fulminant Prism          Conj/Hex       1%         3d6       90%         4
 Shadow Creatures         Summ           N/A        N/A       100%        6


Dungeon Overview and Level Annotations

Branches:
Dungeon (6/15)
 Temple: D:4-7

Altars:
Fedhas
Okawaru
Uskayaw
Wu Jian
Yredelemnul

Shops:
D:2 [

Annotations:
D:3 Sigmund
D:4 Menkaure
D:6 2 transporters, Skimidon's ghost, amateur HOMo


Innate Abilities, Weirdness & Mutations

You are a creature of crystalline ice.
You have a powerful freezing melee attack.
Your maximum health is increased.
Your armour is entirely melded.
You are incapable of wielding weapons or throwing items.
You cannot wear most types of armour.
You are amphibious.
You can wear up to eight rings at the same time.
((Your skin changes colour to match your surroundings (Stealth+).))
((Your rubbery body absorbs attacks. (AC +1, EV +1)))
((You are camouflaged near water. (Stealth+)))
((You have tentacles for arms and can constrict up to eight enemies at once.))


Message History

You barely miss the water moccasin skeleton.
The water moccasin skeleton is moderately damaged.
The water moccasin skeleton bites you.
You punch the water moccasin skeleton!
The water moccasin skeleton is heavily damaged.
The water moccasin skeleton closely misses you.
You hit the water moccasin skeleton.
The water moccasin skeleton is severely damaged.
The water moccasin skeleton bites you but does no damage. x2
You barely miss the water moccasin skeleton.
The water moccasin skeleton is severely damaged.
The water moccasin skeleton bites you but does no damage.
You hit the water moccasin skeleton.
The water moccasin skeleton is severely damaged.
The water moccasin skeleton closely misses you.
You punch the water moccasin skeleton!
You destroy the water moccasin skeleton!
The gnoll sergeant hits you with a +2 vorpal trident!
* * * LOW HITPOINT WARNING * * *
* * * LOW HITPOINT WARNING * * *
You punch the gnoll sergeant! You freeze the gnoll sergeant.
The gnoll sergeant is heavily wounded.
The gnoll sergeant misses you.
You hit the gnoll sergeant but do no damage.
The gnoll sergeant is heavily wounded.
The gnoll sergeant hits you with a +2 vorpal trident.
* * * LOW HITPOINT WARNING * * *
* * * LOW HITPOINT WARNING * * *
You hit the gnoll sergeant but do no damage.
The gnoll sergeant is heavily wounded.
The gnoll shouts!
You hit the gnoll sergeant but do no damage.
The gnoll sergeant is heavily wounded.
The gnoll sergeant barely misses you.
The gnoll sergeant hits you from afar with a +2 vorpal trident!
* * * LOW HITPOINT WARNING * * *
* * * LOW HITPOINT WARNING * * *
The gnoll shouts!
The gnoll sergeant hits you from afar with a +2 vorpal trident.
You die...

## #.#####.# #.### ..#
#.......# #...###
..#.#..####.###.....#
.Z#.......g...#.#.#.#
.W#.#..####.g.....^.# .Z#
#..# #.#.#.#.#.#
..#...<####.#.g...###
..#................#.#
..#......##.#...Y..#.# .#
..#...........#.#..#.##.##
##
..#.#..#####.##.#..#.##...
.# WW#.#
.....[.#........).###.#
###.#
.#.###.####...###..PP.#
....##.#.###.# ##..# #P...P#
##.....#.###.# ##..###.._.P#
##...##.......##...).....PP#
###[##.# #......##...PP.#


You could see a gnoll sergeant and 2 gnolls.

Vanquished Creatures
  2 black bears
  An ogre (D:4)
  A necrophage (D:5)
  A bullfrog (D:6)
  2 scorpions
  2 water moccasin skeletons
  A howler monkey (D:5)
  2 bullfrog zombies (D:5)
  2 centaur zombies
  6 hounds
  A jelly (D:5)
  3 iguanas (D:5)
  An orc wizard (D:6)
  A hound zombie (D:5)
  2 hound skeletons
  A gnoll (D:6)
  6 adders
  2 shadow imps
  A white imp (D:6)
  An ufetubus (D:4)
  3 dart slugs
  15 orcs
  5 endoplasms
  A giant cockroach (D:1)
  8 goblins
  3 hobgoblins
  6 jackals
  8 kobolds
  A quokka (D:2)
  3 ball pythons
  7 bats
  4 frilled lizards
  8 rats
111 creatures vanquished.

Vanquished Creatures (others)
  6 fungi (D:6)
  5 plants (D:6)
11 creatures vanquished.

Grand Total: 122 creatures vanquished

Notes
Turn   | Place    | Note
-------+----------+-------------------------------------------
     0 | D:1      | wakim the Octopode Transmuter began the quest for the Orb.
     0 | D:1      | Reached XP level 1. HP: 13/13 MP: 3/3
    50 | D:1      | Found a faded altar of an unknown god.
   247 | D:1      | Reached XP level 2. HP: 18/18 MP: 3/5
  1443 | D:2      | Found Ogaqorod's Armour Emporium.
  1845 | D:2      | Reached XP level 3. HP: 15/23 MP: 4/6
  2039 | D:2      | Learned a level 3 spell: Spider Form
  2057 | D:2      | Reached skill level 3 in Transmutations
  2363 | D:2      | Reached skill level 1 in Stealth
  2598 | D:2      | Reached XP level 4. HP: 28/28 MP: 2/7
  2602 | D:2      | Reached skill level 1 in Poison Magic
  2940 | D:2      | Learned a level 2 spell: Wereblood
  3512 | D:3      | Found an iron altar of Okawaru.
  3853 | D:3      | Noticed Sigmund
  3965 | D:3      | Reached XP level 5. HP: 21/33 MP: 6/8
  4851 | D:4      | Noticed a black bear
  4858 | D:4      | Noticed Menkaure
  4871 | D:3      | Killed a black bear
  4872 | D:3      | Reached XP level 6. HP: 8/38 MP: 6/9
  5188 | D:4      | Reached skill level 4 in Transmutations
  5447 | D:4      | Reached skill level 1 in Ice Magic
  6069 | D:5      | Entered Level 5 of the Dungeon
  6079 | D:5      | Reached XP level 7. HP: 37/43 MP: 7/10
  6243 | D:5      | Reached skill level 5 in Transmutations
  6954 | D:5      | Found a hide-covered altar of Uskayaw.
  6962 | D:5      | Reached skill level 5 in Unarmed Combat
  6962 | D:5      | Reached XP level 8. HP: 35/48 MP: 9/11
  7042 | D:5      | Found an ornate altar of the Wu Jian Council.
  7498 | D:5      | Learned a level 4 spell: Ice Form
  7522 | D:5      | Reached skill level 6 in Transmutations
  7938 | D:5      | Found a basalt altar of Yredelemnul.
  8125 | D:6      | Found a blossoming altar of Fedhas.
  8731 | D:6      | Noticed Skimidon's ghost (amateur HOMo)
  8732 | D:6      | Found a transporter.
  8735 | D:6      | Found a transporter.
  8844 | D:6      | Slain by a gnoll sergeant

Illustrated notes

Levels and vault maps discovered:
D:1:      dpeg_arrival_brainrot, layout_basic, hellmonk_ecumenical_altar_run_dry
D:2:      layout_basic, serial_shops, shop
D:3:      layout_basic, mainiacjoe_overflow_cross_hatched,
          lemuel_another_geyser, uniq_sigmund
D:4:      layout_gridville, uniq_menkaure, uniq_blork_the_orc
D:5:      layout_layer_cave, mainiacjoe_overflow_surrounded_room,
          jmf_multi_god_temple
D:6:      layout_loops_ring, fedhas_altar_3, minmay_temple_entry_offerings,
          gammafunk_ghost_mausoleum, minmay_misc_feat_encased,
          skrybe_limestone_x, uniq_crazy_yiuf_cottage

Skill      XL: |  1  2  3  4  5  6  7  8 |
---------------+-------------------------+-----
Transmutations | 3 4 5 6 |  6.6
Stealth        | 1 2 3 |  3.0
Poison Magic   | 1 2 |  2.0
Unarmed Combat | 4 5 |  5.5
Dodging        | 3 4 |  4.0
Ice Magic      | 1 2 3 |  3.5
Fighting       | |  1.0
Spellcasting   | |  2.7

Action                   |  1- 3 |  4- 6 |  7- 9 || total
-------------------------+-------+-------+-------++-------
Melee: Unarmed           |    70 |   108 |   117 ||   295
       Constrict         |    16 |    10 |    15 ||    41
       Kick              |    11 |    13 |    21 ||    45
       Tentacles         |     8 |     5 |    14 ||    27
       Punch             |       |       |     3 ||     3
 Cast: Beastly Appendage |    25 |    16 |    13 ||    54
       Spider Form       |     1 |    10 |     7 ||    18
       Ice Form          |       |       |     4 ||     4
       Wereblood         |       |       |     2 ||     2
 Abil: End Transformatio |       |       |     1 ||     1
  Use: Scroll            |       |     7 |     3 ||    10
 Stab: Sleeping          |     7 |     4 |     4 ||    15
       Distracted        |       |     1 |       ||     1
Armor: Skin              |     3 |     7 |    10 ||    20
Dodge: Dodged            |    34 |   116 |   101 ||   251
